 Dungeon Crawl Stone Soup version 0.24-a0-611-gfb3efd0 (webtiles) character file.

Game seed: 15122521198781618202, levelgen mode: deterministic

578 paralogiki the Cleaver (level 7, 42/85 HPs)
             Began as a Purple Draconian Berserker on Sept 9, 2019.
             Was a Priest of Trog.
             Quit the game on level 5 of the Dungeon.
             The game lasted 00:06:08 (3534 turns).

paralogiki the Cleaver (Purple Draconian Berserker) Turns: 3534, Time: 00:06:08

Health: 42/85      AC:  8    Str: 26    XL:     7   Next: 13%
Magic:  7/7        EV: 12    Int:  8    God:    Trog [***...]
Gold:   183        SH:  0    Dex: 10    Spells: 6/6 levels left

rFire    . . .     SeeInvis .   a - +0 hand axe
rCold    + . .     Gourm    .   (no shield)
rNeg     . . .     Faith    .   (armour unavailable)
rPois    .         Spirit   .   (helmet restricted)
rElec    .         Reflect  .   (no cloak)
rCorr    .         Harm     .   s - +1 pair of gloves
MR       ++...                  (no boots)
Stlth    ..........             n - amulet of regeneration {+regen, !d}
HPRegen  0.64/turn              y - ring of protection from magic {MR+, !d}
MPRegen  0.10/turn              f - ring of protection from cold {rC+, !d}

@: berserking, very quick
A: breathe power, unfitting armour, cold-blooded, AC +6
a: Breathe Dispelling Energy, Berserk, Trog's Hand, Renounce Religion


You were on level 5 of the Dungeon.
You worshipped Trog.
Trog was most pleased with you.
You were very hungry.

You visited 1 branch of the dungeon, and saw 5 of its levels.

You collected 183 gold pieces.

Inventory:

Hand Weapons
 a - a +0 hand axe (weapon)
Missiles
 q - 211 stones (quivered)
Armour
 s - a +1 pair of gloves (worn)
   (You found it on level 2 of the Dungeon)
Jewellery
 e - an uncursed ring of positive energy {rN+}
   (You found it on level 1 of the Dungeon)
 f - a ring of protection from cold (right hand) {rC+, !d}
   (You found it on level 1 of the Dungeon)
 i - an uncursed ring of ice {rC+, rF-}
   (You found it on level 1 of the Dungeon)
 n - an amulet of regeneration (around neck) {+regen, !d}
   (You found it on level 1 of the Dungeon)
 x - an uncursed ring of protection from magic {MR+, !d}
   (You took it off a kobold on level 3 of the Dungeon)
 y - a ring of protection from magic (left hand) {MR+, !d}
   (You found it on level 4 of the Dungeon)
 C - an uncursed ring of stealth {unknown}
   (You found it on level 5 of the Dungeon)
Wands
 A - a wand of iceblast (8)
   (You found it on level 4 of the Dungeon)
 B - a wand of random effects (23)
   (You found it on level 4 of the Dungeon)
Scrolls
 c - a scroll of fear {unknown}
 d - a scroll of amnesia {unknown}
 g - a scroll of random uselessness {unknown}
 p - 3 scrolls of remove curse {unknown}
 r - a scroll of teleportation
 t - 2 scrolls of identify {@r1}
 u - a scroll of magic mapping {unknown}
 v - a scroll of immolation {unknown}
 z - a scroll of blinking {unknown}
 D - a scroll of enchant armour {unknown}
 E - a scroll of enchant weapon {unknown}
Potions
 h - 3 potions of agility {unknown}
 j - 2 potions of might {unknown}
 k - a potion of ambrosia {unknown}
 l - 2 potions of cancellation {unknown}
 m - 3 potions of curing {@q1}
 o - 2 potions of heal wounds {unknown}
 w - a potion of degeneration {unknown}
Comestibles
 b - 4 rations


   Skills:
 - Level 3.2 Fighting
 * Level 8.3 Axes
 - Level 2.6 Dodging


You had 6 spell levels left.
You didn't know any spells.
Your spell library was empty.

Dungeon Overview and Level Annotations

Branches:
Dungeon (5/15)
 Temple: D:4-7

Altars:
Fedhas
Gozag
Nemelex Xobeh
Qazlal
Vehumet
Xom
Zin


Innate Abilities, Weirdness & Mutations

You can breathe bolts of dispelling energy.
Your rich purple scales are hard. (AC +6)
You cannot fit into any form of body armour.
You are cold-blooded and may be slowed by cold attacks.


Message History

The adder bites you.
You take 1 damage, and have 50/51 hp.
You hit the adder. The adder barely misses you.
You hit the adder. The adder barely misses you.
Health restored: 51 You hit the adder.
You kill the adder!
Trog accepts your kill.
You open the door.
There is an open door here.
C - a gilded ring
D - a scroll labeled YJAGAO XIPH You see here a chain mail.
You see here a chain mail.
You are feeling very hungry.
h - 3 bubbling pink potions (gained 1)
An adder comes into view.
An adder is nearby!
An adder is nearby!
An adder is nearby!
The adder barely misses you.
You barely miss the adder. The adder completely misses you.
You barely miss the adder.
Your tail-slap misses the adder.
The adder barely misses you.
You hit the adder. The adder bites you but does no damage.
You closely miss the adder. The adder bites you but does no damage.
You miss the adder.
Your tail-slap misses the adder.
The adder misses you. The adder barely misses you.
You closely miss the adder. The adder bites you.
You take 3 damage, and have 48/51 hp.
You miss the adder. The adder bites you but does no damage.
You closely miss the adder.
Your tail-slap misses the adder.
The adder barely misses you.
You closely miss the adder. The adder completely misses you.
Unknown command.
You closely miss the adder.
Your tail-slap misses the adder.
The adder barely misses you.
You slash the adder!
You kill the adder!
Trog accepts your kill.
No target in view!
No target in view!
You butcher the adder corpse.
E - a chunk of flesh {@w0} You see here an adder skeleton. x2
Eating a chunk of flesh {@w0}.
You eat the chunk of flesh {@w0}.
Found a stone staircase leading up.
Health restored: 51
E - a scroll labeled VISOERU LUCU You open the door.
There is an open door here.
As you open the door, it creaks loudly!
There is an open door here.
A quokka skeleton comes into view.
A quokka skeleton is nearby!
A quokka skeleton is nearby!
A quokka skeleton is nearby!
You hit the quokka skeleton.
You hit the quokka skeleton but do no damage.
The quokka skeleton barely misses you.
You barely miss the quokka skeleton. The quokka skeleton barely misses you.
You closely miss the quokka skeleton.
The quokka skeleton bites you but does no damage.
You slash the quokka skeleton!
You destroy the quokka skeleton!
Trog accepts your kill.
Your Axes skill increases to level 8!
No target in view!
You are feeling hungry.
An ogre comes into view. It is wielding a +0 giant club.
The ogre shouts!
An ogre is nearby!
An ogre is nearby!
An ogre is nearby!
Throwing (i - inventory)
q - 212 stones (quivered)
Aim: an ogre, wielding a +0 giant club You throw a stone.
The stone hits the ogre.
You barely miss the ogre. The ogre hits you with a +0 giant club!
You take 17 damage, and have 34/51 hp.
MASSIVE DAMAGE!!
You slash the ogre! The ogre barely misses you.
You hit the ogre.
A red film seems to cover your vision as you go berserk!
You feel yourself moving faster!
You feel mighty!
You are feeling very hungry.
The ogre hits you with a +0 giant club!
You now have 37/76 hp.
You barely miss the ogre. You tail-slap the ogre! The ogre barely misses you.
You slash the ogre!
You kill the ogre!
Trog accepts your kill.
You have reached level 7!
Your scales start taking on a rich purple colour.
You learn Spellcasting much quicker.
You learn Hexes much quicker.
You learn Charms much quicker.
You learn Evocations quicker.
You can breathe bolts of dispelling energy.
You regained 5 hp, and now have 42/85 hp.
MP restored: 7 Unknown command.
Unknown command.

......# #.# #######
#.# #.# ## #.#
#####
...###.####...# ###
#..............#
....
#.#.##...###...#
.....
#.....###.###......
##...## #.@)(......
##### ######.....
... .


There were no monsters in sight!

Vanquished Creatures
  Eustachio (D:4)
  An ogre (D:5)
  2 scorpions (D:4)
  A hound (D:5)
  A jelly (D:4)
  A worker ant (D:4)
  9 adders
  2 oozes
  4 worms
  A dart slug (D:1)
  3 leopard geckos
  2 orcs (D:4)
  6 giant cockroaches
  5 goblins
  2 hobgoblins
  7 jackals (D:1)
  13 kobolds
  2 quokkas (D:2)
  A ball python (D:4)
  5 bats
  4 frilled lizards
  A jackal skeleton (D:4)
  A quokka skeleton (D:5)
  9 rats
84 creatures vanquished.

Notes
Turn   | Place    | Note
-------+----------+-------------------------------------------
     0 | D:1      | paralogiki the Draconian Berserker began the quest for the
                  | Orb.
     0 | D:1      | Reached XP level 1. HP: 19/19 MP: 1/1
   134 | D:1      | Reached XP level 2. HP: 23/26 MP: 2/2
   364 | D:1      | Reached skill level 4 in Axes
   515 | D:1      | Reached XP level 3. HP: 24/31 MP: 3/3
   689 | D:1      | Reached ** piety under Trog
  1332 | D:2      | Reached skill level 5 in Axes
  1332 | D:2      | Reached XP level 4. HP: 37/38 MP: 4/4
  2123 | D:3      | Found a glowing silver altar of Zin.
  2123 | D:3      | Noticed an angel
  2126 | D:3      | Found a shimmering altar of Xom.
  2166 | D:3      | Found an opulent altar of Gozag.
  2521 | D:4      | Noticed Eustachio
  2537 | D:4      | Reached XP level 5. HP: 35/45 MP: 5/5
  2538 | D:4      | Killed Eustachio
  2538 | D:4      | Reached skill level 6 in Axes
  2538 | D:4      | Reached XP level 6. HP: 36/51 MP: 6/6
  2582 | D:4      | Reached skill level 7 in Axes
  2689 | D:4      | Found a sparkling altar of Nemelex Xobeh.
  2758 | D:4      | Found a blossoming altar of Fedhas.
  2762 | D:4      | Found a stormy altar of Qazlal.
  2774 | D:4      | Reached *** piety under Trog
  2933 | D:4      | HP: 10/51 [acid (5)]
  3157 | D:5      | Entered Level 5 of the Dungeon
  3224 | D:5      | Found a radiant altar of Vehumet.
  3454 | D:5      | Reached skill level 8 in Axes
  3533 | D:5      | Your scales start taking on a rich purple colour.
  3533 | D:5      | Reached XP level 7. HP: 42/57 MP: 7/7
  3534 | D:5      | Quit the game

Levels and vault maps discovered:
D:1:      minmay_arrival_checkered_box, layout_basic
D:2:      minmay_inner_zag, layout_loops_ring, first_ration
D:3:      layout_loops_ring, grunt_temple_overflow_order_and_chaos_1,
          grunt_gozag_statues
D:4:      layout_cave_pools, grunt_temple_overflow_forces_of_nature,
          kennysheep_mini, kennysheep_opposing_triangles, uniq_eustachio
D:5:      layout_loops_corners, grunt_temple_overflow_magic_moments,
          lemuel_coloured_pillars_altar, minmay_temple_entry_grid

Skill      XL: |  1  2  3  4  5  6 |
---------------+-------------------+-----
Axes           | 4 5 6 8 |  8.3
Fighting       | |  3.2
Dodging        | |  2.6

Action                   |  1- 3 |  4- 6 |  7- 9 || total
-------------------------+-------+-------+-------++-------
Melee: Hand axe          |   138 |   172 |       ||   310
       Tailslap          |    23 |    17 |       ||    40
Throw: Stone             |     1 |     1 |       ||     2
Invok: Berserk           |       |     2 |       ||     2
       Trog's Hand       |       |     1 |       ||     1
Evoke: Wand              |       |     1 |       ||     1
  Use: Scroll            |       |     3 |       ||     3
 Stab: Sleeping          |     1 |     1 |       ||     2
  Eat: Chunk             |     1 |     8 |       ||     9
Armor: Skin              |    37 |    63 |       ||   100
Dodge: Dodged            |    96 |   107 |       ||   203

Table legend:
 A = Non-vault XP
 B = Vault XP
 C = Vault XP percentage of total XP
 D = Non-vault monster count
 E = Vault monster count
 F = Vault count percentage of total count
                 A         B        C        D         E       F
            +---------+---------+-------+---------+---------+-------
      Total |     596 |     231 |  27.9 |      76 |       8 |   9.5
            +---------+---------+-------+---------+---------+-------
        D:1 |      49 |       0 |   0.0 |      27 |       0 |   0.0
        D:2 |      92 |      14 |  13.2 |      25 |       5 |  16.7
        D:3 |      31 |       0 |   0.0 |       9 |       0 |   0.0
        D:4 |     239 |     217 |  47.6 |      10 |       3 |  23.1
        D:5 |     185 |       0 |   0.0 |       5 |       0 |   0.0
            +---------+---------+-------+---------+---------+-------

Levels and vault maps discovered:
D:1:      minmay_arrival_checkered_box, layout_basic
D:2:      minmay_inner_zag, layout_loops_ring, first_ration
D:3:      layout_loops_ring, grunt_temple_overflow_order_and_chaos_1,
          grunt_gozag_statues
D:4:      layout_cave_pools, grunt_temple_overflow_forces_of_nature,
          kennysheep_mini, kennysheep_opposing_triangles, uniq_eustachio
D:5:      layout_loops_corners, grunt_temple_overflow_magic_moments,
          lemuel_coloured_pillars_altar, minmay_temple_entry_grid

Table legend:
 A = Turns spent in this place as a percentage of turns spent in the entire game.
 B = Non-inter-level travel turns spent in this place as a percentage of non-inter-level travel turns spent in the entire game.
 C = Inter-level travel turns spent in this place as a percentage of turns spent in this place.
 D = Turns resting spent in this place as a percentage of non-inter-level travel turns spent in this place.
 E = Turns spent auto-exploring this place as a percentage of non-inter-level travel turns spent in this place.
 F = Non-inter-level travel turns spent in this place divided by the number of levels of this place that you've seen.
                   A       B       C       D       E      F
               +-------+-------+-------+-------+-------+----------------------
         Total | 100.0 | 100.0 |   3.7 |   3.9 |  76.6 | 681.0
       Dungeon | 100.0 | 100.0 |   3.7 |   3.9 |  76.6 | 681.0
               +-------+-------+-------+-------+-------+----------------------

Table legend:
 A = Kills in this place as a percentage of kills in entire the game.
 B = Kills by you in this place as a percentage of kills by you in the entire game.
 C = Kills by friends in this place as a percentage of kills by friends in the entire game.
 D = Other kills in this place as a percentage of other kills in the entire game.
 E = Experience gained in this place as a percentage of experience gained in the entire game.
 F = Experience gained in this place divided by the number of levels of this place that you have seen.
                   A       B       C       D       E      F
               +-------+-------+-------+-------+-------+----------------------
         Total | 100.0 | 100.0 |   N/A |   N/A | 100.0 | 165.4
       Dungeon | 100.0 | 100.0 |   N/A |   N/A | 100.0 | 165.4
               +-------+-------+-------+-------+-------+----------------------
